 Dungeon Crawl Stone Soup version 0.14-a0-3194-g0089908 (webtiles) character file.

39879 Herrn the Warrior (level 14, -7/88 HPs)
             Began as a Gargoyle Fighter on Mar 11, 2014.
             Was a High Priest of Okawaru.
             Mangled by Asterion
             ... wielding a +1,+1 vampiric demon whip
              (28 damage)
             ... on Level 14 of the Dungeon.
             The game lasted 01:54:38 (17819 turns).

Herrn the Warrior (Gargoyle Fighter)               Turns: 17819, Time: 01:54:38

HP  -7/88        AC 30     Str 18      XL: 14   Next:  3%
MP  23/28        EV  6     Int 13      God: Okawaru [*****.]
Gold 1101        SH 30     Dex 13      Spells:  1 memorised, 32 levels left

rFire  x . .     SeeInvis +     K - +6,+11 whip of the Throat {venom, +Rage}
rCold  + . .     Clarity  .     I - +0 plate armour
rNeg   + . .     Conserve .     c - +3 shield
rPois  +         rCorr    .     W - +0 helmet
rElec  +         rRot     +     (no cloak)
SustAb + .       Spirit   .     y - +0 pair of gloves
rMut   .         Warding  .     n - +0 pair of boots {Stlth+}
Saprov . . .     Stasis   .     (no amulet)
MR     +....                    X - ring of Arrival {Ice Int+3 Dam+6 SInv}
                                M - ring of sustain abilities

@: heroism, finesse, drained, somewhat resistant to hostile enchantments,
extremely unstealthy
A: large and strong wings, icy blue scales 1, fast metabolism 1, frail 1, low mp
1, life protection 1, screaming 1, electricity resistance, spit poison 1, weak
1, unbreathing, petrification resistance, AC +9
a: Spit Poison, Fly, Heroism, Finesse, Renounce Religion, Evoke Berserk Rage


You were on level 14 of the Dungeon.
You worshipped Okawaru.
Okawaru was extremely pleased with you.
You were not hungry.

You visited 2 branches of the dungeon, and saw 15 of its levels.
You also visited: Ice Cave.

You collected 1101 gold pieces.

Inventory:

Hand weapons
 K - the +6,+11 whip of the Throat (weapon) {venom, +Rage}
   (You found it on level 11 of the Dungeon)

   It poisons the flesh of those it strikes.
   It lets you go berserk.
 P - the +4,+6 long sword of Roiss {holy, rPois Dex+2, unknown}
   (You found it on level 11 of the Dungeon)

   It has been blessed by the Shining One to cause great damage to the undead
   and demons.
   It affects your dexterity (+2).
   It protects you from poison.
Armour
 c - a +3 shield (worn)
 n - a +0 pair of boots of stealth (worn)
 y - a +0 pair of gloves (worn)
 I - a +0 plate armour (worn)
 W - a +0 helmet (worn)
Magical devices
 k - a wand of flame (18)
 p - a wand of disintegration (0)
 q - a wand of flame (2)
 x - a wand of teleportation (1)
 z - a wand of magic darts (10)
Comestibles
 d - 5 bread rations
 f - 8 strawberries
 h - a chunk of hound flesh
 U - 15 cheeses
Scrolls
 a - a scroll of identify
 e - a scroll of recharging
 i - 2 scrolls of teleportation
 j - 7 scrolls of remove curse
 E - 2 scrolls of enchant weapon I
 H - a scroll of blinking
 O - a scroll of vulnerability
Jewellery
 g - an uncursed ring of ice
 r - an uncursed ring of ice
 u - an uncursed amulet of stasis
 w - an uncursed ring of protection from cold
 A - an uncursed ring of poison resistance
 C - an uncursed ring of fire
 D - an uncursed ring of protection from magic
 F - a +2 ring of evasion
 J - an uncursed ring of invisibility
 M - a ring of sustain abilities (left hand)
 N - an uncursed ring of fire
 V - a +2 ring of strength
 X - the ring of Arrival (right hand) {Ice Int+3 Dam+6 SInv}
   (You found it on level 12 of the Dungeon)

   [ring of ice]

   It affects your intelligence (+3).
   It affects your damage with ranged weapons and melee attacks (+6).
   It enhances your eyesight.
Potions
 m - 2 potions of resistance
 s - a potion of restore abilities
 B - 2 potions of curing
 Y - a potion of speed
Books
 b - the Grimoire of Creation
   (You found it on level 5 of the Dungeon)

   Spells                             Type                      Level
   *Summon Butterflies                Summoning                    1
   Abjuration                         Summoning                    3
   Summon Lightning Spire             Summoning/Air                4
   Shadow Creatures                   Summoning                    5
   Spellforged Servitor               Conjuration/Summoning        7
 o - a Necronomicon {highlevel}

   This book is beyond your current level of understanding.

   Spells                             Type                      Level
   Haunt                              Necromancy/Summoning         7
   Borgnjor's Revivification          Necromancy                   8
   Death's Door                       Charms/Necromancy            8
   Necromutation                      Transmutation/Necromancy     8
 t - a book of Control

   Spells                             Type                      Level
   Control Teleport                   Charms/Translocation         4
   Control Undead                     Necromancy                   4
   Enslavement                        Hexes                        4
   Mass Confusion                     Hexes                        6
   Metabolic Englaciation             Hexes/Ice                    5
 v - A Beginning Course on the Arcane Arts
   (You found it on level 12 of the Dungeon)

   Spells                             Type                      Level
   Shock                              Conjuration/Air              1
   Corona                             Hexes                        1
   Freeze                             Ice                          1
   Pain                               Necromancy                   1
   *Summon Butterflies                Summoning                    1
 T - a book of the Warp

   Spells                             Type                      Level
   Control Teleport                   Charms/Translocation         4
   Phase Shift                        Translocation                5
   Warp Weapon                        Charms/Translocation         5
   Summon Forest                      Summoning/Translocation      5
   Dispersal                          Translocation                6
   Controlled Blink                   Translocation                7
   Disjunction                        Translocation                8
Miscellaneous
 L - a plain deck of war
 Q - a plain deck of defence
 S - a disc of storms
 Z - a plain deck of war


   Skills:
 * Level 15.4(20.0) Fighting
 + Level 11.7(16.4) Maces & Flails
 + Level 7.6(12.3) Armour
 + Level 3.3(8.0) Dodging
 + Level 10.3(15.0) Shields
 - Level 10.0(9.7) Spellcasting
 * Level 3.2(3.0) Summonings
 + Level 1.8(1.6) Invocations
 - Level 1.0(0.8) Evocations


You had 32 spell levels left.
You knew the following spells:

 Your Spells              Type           Power        Failure   Level  Hunger
a - Summon Butterflies    Summ           ##......     77%         1    None


Dungeon Overview and Level Annotations

Branches:
Dungeon (14/16)            Temple (1/1) D:7             Orc (0/4) D:9
   Lair (0/8) D:11
 Vaults: D:14-15

Altars:
Ashenzari
Dithmenos
Elyvilon
Fedhas
Kikubaaqudgha
Makhleb
Nemelex Xobeh
Okawaru
Sif Muna
Trog
Vehumet
Xom
Yredelemnul
Zin
The Shining One

Shops:
D:5 :

Annotations:
D:8 exclusion: statue
D:10 exclusions: orange crystal statue and silver statue
D:14 Asterion


Innate Abilities, Weirdness & Mutations

You are resistant to torment.
You are immune to poison.
You can fly continuously.
Your stone body is very resilient (AC +9).
Your wings are large and strong.
You resist negative energy.
You are resistant to electric shocks.
You can survive without breathing.
You are immune to petrification.
You are partially covered in icy blue scales (AC +1).
You have a fast metabolism.
You are frail (-10% HP).
Your magical capacity is low (-10% MP).
You occasionally shout uncontrollably.
You can spit poison.
You are weak. (Str -2)


Message History

Asterion blocks your attack.
You are covered in liquid flames!
You whack Asterion!
Asterion is poisoned.
Asterion is lightly wounded.
You are covered in liquid flames!
Asterion hits you with a glowing demon whip!
* * * LOW HITPOINT WARNING * * *
Asterion gores you but does no damage.
You hit Asterion but do no damage.
Asterion looks even sicker.
Asterion is lightly wounded.
You are covered in liquid flames!
* * * LOW HITPOINT WARNING * * *
Asterion blocks your attack.
Asterion is lightly wounded.
You are covered in liquid flames!
You block Asterion's attack.
You feel better.
The spectral weapon hits you but does no damage.
Asterion hits you with a glowing demon whip!
You die...

####.... +..(..
##.......#.# #.####
......#.#.######.####
.................... ...
#... ......... #'# #..#
.....#### #.# #..# #.#.# #
##.#####.###..#####.#.####
........H@................
....#####(.#...#####.#)####
#........<...%.....#)().(
#######....#.#######(###.
#....#.# #.# #.
##....#.#######.###.
#...................
##.################# #.#
#...(.(....


You could see Asterion and a spectral glowing demon whip.

Vanquished Creatures
  Maud (D:14)
  A frost giant (IceCv)
  Azrael (D:14)
  Fannar (D:10)
  Josephine (D:10)
  A tengu warrior (D:14)
  A hydra (D:14)
  2 death yaks (IceCv)
  A skeletal warrior (D:13)
  2 centaur warriors
  3 unseen horrors
  3 hill giants
  An ice statue (IceCv)
  2 cyclopes
  A draconian (shapeshifter) (D:8)
  A feature mimic (D:7)
  A spiny frog (D:11)
  A yaktaur (shapeshifter) (D:14)
  2 hellwings (D:10)
  A tengu conjurer (D:14)
  A red devil (D:10)
  A harpy zombie (D:12)
  A komodo dragon (D:11)
  A two-headed ogre (D:10)
  7 polar bears (IceCv)
  6 trolls
  Prince Ribbit (D:4)
  A hydra skeleton (D:11)
  3 ravens (D:14)
  A trapdoor spider (shapeshifter) (D:14)
  A shadow (D:14)
  A wraith (D:10)
  4 wyverns
  A hill giant zombie (D:9)
  5 fire elementals (D:14)
  4 ugly things (D:13)
  4 vampire mosquitoes (D:14)
  28 yaks
  3 gargoyles
  3 hungry ghosts
  3 water moccasins
  The ghost of uri the Magician, an average DECj (D:3)
  A mottled dragon (D:14)
  An ice beast (D:14)
  16 wolves (IceCv)
  A tengu skeleton (D:10)
  17 orc warriors
  4 black bears
  4 sky beasts
  2 yellow wasps
  5 ogres
  6 phantoms
  8 centaurs
  11 giant frogs
  Blork the orc (D:8)
  A big kobold (D:13)
  2 wyvern zombies
  A wyvern skeleton (D:12)
  4 scorpions
  4 wights (D:10)
  8 killer bees
  A water moccasin skeleton (D:5)
  A troll zombie (D:9)
  A troll skeleton (D:10)
  A yak skeleton (D:10)
  3 goliath beetles
  8 jellies
  11 crimson imps
  9 orc priests
  5 hounds
  An iron imp (D:10)
  A giant frog skeleton (D:11)
  4 iguanas
  An orange rat (D:10)
  6 worker ants
  18 orc wizards
  Ijyb (D:6)
  6 ogre zombies
  A big kobold zombie (D:10)
  An ogre skeleton (D:10)
  4 gnolls (D:2)
  3 green rats (D:10)
  21 adders
  4 orc skeletons
  A hound simulacrum (D:10)
  2 giant mites
  6 worms
  An ufetubus (D:10)
  An iguana skeleton (D:6)
  A giant eyeball (D:6)
  78 orcs
  18 bats
  9 giant cockroaches
  10 goblins
  21 hobgoblins
  8 jackals
  4 quokkas
  4 ball pythons
  5 giant geckos
  5 giant newts
  A giant spore (D:11)
  A goblin skeleton (D:9)
  3 goblin zombies (D:9)
  A hobgoblin skeleton (D:7)
  2 hobgoblin zombies (D:9)
  11 kobolds
  A kobold zombie (D:5)
  11 orc zombies
  31 rats
  A rat skeleton (D:5)
  4 rat zombies (D:5)
  26 ballistomycetes
585 creatures vanquished.

Vanquished Creatures (others)
  An orc skeleton (D:11)
  4 giant spores
  A ballistomycete (D:9)
  7 plants (D:11)
13 creatures vanquished.

Grand Total: 598 creatures vanquished

Notes
Turn   | Place    | Note
--------------------------------------------------------------
     0 | D:1      | Herrn, the Gargoyle Fighter, began the quest for the Orb.
     0 | D:1      | Reached XP level 1. HP: 14/14 MP: 1/1
    84 | D:1      | Reached XP level 2. HP: 19/19 MP: 2/2
   127 | D:1      | Reached skill level 1 in Spellcasting
   407 | D:1      | Found a shattered altar of Ashenzari.
   498 | D:1      | Reached XP level 3. HP: 21/24 MP: 4/4
   921 | D:2      | Reached skill level 4 in Fighting
  1060 | D:2      | Reached XP level 4. HP: 29/29 MP: 6/6
  1636 | D:3      | Reached XP level 5. HP: 29/34 MP: 7/7
  1660 | D:3      | Reached skill level 5 in Fighting
  1661 | D:3      | Noticed uri's ghost (average DECj)
  2374 | D:3      | Killed uri's ghost
  2374 | D:3      | Reached XP level 6. HP: 5/41 MP: 7/10
  2856 | D:4      | Reached skill level 6 in Fighting
  2863 | D:4      | Reached XP level 7. HP: 45/47 MP: 10/12
  2909 | D:4      | Reached skill level 5 in Maces & Flails
  3176 | D:4      | Reached skill level 7 in Fighting
  3180 | D:4      | Found a burning altar of Makhleb.
  3180 | D:4      | Found a shimmering altar of Xom.
  3347 | D:4      | Noticed Prince Ribbit
  3929 | D:4      | Killed Prince Ribbit
  3929 | D:4      | Reached XP level 8. HP: 29/53 MP: 16/16
  4242 | D:5      | Entered Level 5 of the Dungeon
  4586 | D:5      | Reached skill level 8 in Fighting
  4712 | D:5      | Found Cetoid's Book Shop.
  5035 | D:5      | Found an ancient bone altar of Kikubaaqudgha.
  5118 | D:5      | Identified the Grimoire of Creation (You found it on level 5 of the Dungeon)
  5411 | D:5      | Reached skill level 1 in Evocations
  5411 | D:5      | Reached XP level 9. HP: 25/60 MP: 18/18
  5586 | D:5      | Reached skill level 13 in Fighting
  5586 | D:5      | Reached XP level 10. HP: 64/73 MP: 16/25
  5678 | D:6      | Noticed Ijyb
  5709 | D:6      | Killed Ijyb
  5916 | D:6      | Paralysed by a giant eyeball for 4 turns
  5995 | D:6      | Found a blossoming altar of Fedhas.
  6042 | D:6      | You fall through a shaft for 3 floors!
  6695 | D:7      | Found a shadowy altar of Dithmenos.
  6703 | D:7      | Found a deep blue altar of Sif Muna.
  6736 | D:7      | Found a bloodstained altar of Trog.
  6891 | D:7      | Found a glowing golden altar of the Shining One.
  7424 | D:7      | Found a staircase to the Ecumenical Temple.
  7429 | Temple   | Entered the Ecumenical Temple
  7506 | Temple   | Became a worshipper of Warmaster Okawaru
  7739 | D:8      | Noticed Blork the orc
  7747 | D:8      | Killed Blork the orc
  7769 | D:8      | Found a radiant altar of Vehumet.
  8205 | D:9      | Noticed a guardian serpent
  8274 | D:8      | Noticed a moth of wrath
  8626 | D:8      | Noticed a shock serpent
  8635 | D:8      | Noticed a draconian
  8635 | D:8      | a shock serpent changed into a draconian
  8647 | D:8      | Killed a draconian
  8960 | D:8      | Learned a level 1 spell: Summon Butterflies
  9011 | D:9      | Got a bloodstained chain mail
  9075 | D:9      | Found a staircase to the Orcish Mines.
  9124 | D:9      | Acquired Okawaru's first power
  9153 | D:9      | Reached XP level 11. HP: 63/78 MP: 27/27
  9179 | D:9      | Reached skill level 1 in Dodging
 10055 | D:9      | Found a sparkling altar of Nemelex Xobeh.
 10184 | D:10     | Entered Level 10 of the Dungeon
 10218 | D:10     | Reached skill level 5 in Shields
 10258 | D:10     | Noticed Josephine
 10278 | D:10     | Killed Josephine
 10507 | D:10     | Identified the cursed -2 chain mail "Lifexkymm" {Str+2 Int+2} (You found it on level 9 of the Dungeon)
 11073 | D:10     | Noticed Fannar
 11117 | D:10     | Killed Fannar
 11118 | D:10     | Found a shadowy altar of Dithmenos.
 11203 | D:10     | Reached skill level 5 in Armour
 11249 | D:10     | Reached skill level 14 in Fighting
 12193 | D:11     | Noticed a hill giant
 12215 | D:11     | Killed a hill giant
 12215 | D:11     | Reached XP level 12. HP: 34/85 MP: 29/29
 12469 | D:11     | Noticed a hill giant
 12478 | D:11     | Killed a hill giant
 12626 | D:11     | Got an ivory whip
 12627 | D:11     | Identified the +6,+11 whip of the Throat {venom, +Rage} (You found it on level 11 of the Dungeon)
 12651 | D:11     | Found a staircase to the Lair.
 12739 | D:11     | Got a brightly glowing long sword
 13014 | D:11     | Killed an unseen horror
 13702 | D:12     | Got a shimmering wooden ring
 13972 | D:12     | Identified A Beginning Course on the Arcane Arts
 14166 | D:13     | Acquired Okawaru's second power
 14166 | D:13     | Reached skill level 10 in Maces & Flails
 14369 | D:13     | Found a frozen archway.
 14379 | IceCv    | Entered an ice cave
 14800 | IceCv    | Received a gift from Okawaru
 14984 | IceCv    | Reached XP level 13. HP: 91/91 MP: 31/31
 15004 | IceCv    | Noticed a death yak
 15033 | IceCv    | Killed a death yak
 15105 | IceCv    | Noticed a death yak
 15105 | IceCv    | Noticed a frost giant
 15131 | IceCv    | Killed a frost giant
 15140 | IceCv    | Killed a death yak
 15426 | D:13     | Gained mutation: You are partially covered in icy blue scales (AC +1). [potion of mutation]
 15426 | D:13     | Gained mutation: You occasionally shout uncontrollably. [potion of mutation]
 15426 | D:13     | Gained mutation: Your magical capacity is low (-10% MP). [potion of mutation]
 15590 | D:13     | Reached skill level 15 in Fighting
 15813 | D:13     | Reached skill level 10 in Spellcasting
 16184 | D:13     | Reached skill level 1 in Summonings
 16562 | D:14     | Paralysed by a potion of paralysis for 7 turns
 16788 | D:14     | Noticed Azrael
 16819 | D:14     | Killed Azrael
 16827 | D:14     | Gained mutation: You can spit poison. [mutagenic meat]
 16828 | D:14     | Gained mutation: You are frail (-10% HP). [mutagenic meat]
 16829 | D:14     | Gained mutation: You have a fast metabolism. [mutagenic meat]
 17060 | D:14     | Noticed Maud
 17097 | D:14     | HP: 2/82 [Maud/war axe of flaming (8)]
 17099 | D:14     | Killed Maud
 17099 | D:14     | Reached skill level 10 in Shields
 17099 | D:14     | Reached skill level 1 in Invocations
 17648 | D:14     | Gained mutation: Your wings are large and strong. [gargoyle growth]
 17648 | D:14     | Reached XP level 14. HP: 50/88 MP: 28/28
 17719 | D:14     | Gained mutation: You are weak. (Str -2) [potion of mutation]
 17783 | D:14     | Noticed Asterion
 17789 | D:14     | Noticed a spectral weapon
 17819 | D:14     | Mangled by Asterion

Action                   |  1- 3 |  4- 6 |  7- 9 | 10-12 | 13-15 || total
-------------------------+-------+-------+-------+-------+-------++-------
Melee: Flail             |   161 |   287 |   285 |  1082 |       ||  1815
       Whip              |       |       |       |   439 |   424 ||   863
Invok: Heroism           |       |       |       |     1 |     5 ||     6
       Finesse           |       |       |       |       |     3 ||     3
 Abil: Evoke Berserk Rag |       |       |       |       |     1 ||     1
Evoke: Wand              |       |     2 |     2 |    21 |     5 ||    30
       Disc of storms    |       |       |       |       |     1 ||     1
  Use: Scroll            |       |     4 |     6 |    18 |     5 ||    33
       Potion            |       |     5 |     7 |     5 |     7 ||    24
 Stab: Distracted        |       |       |       |     1 |       ||     1
